 Dungeon Crawl Stone Soup version 0.23.2-1-ga50397a (webtiles) character file.

Game seed: 13207942308774943606

50548 whitewolfNL the Bludgeoner (level 14, -2/135 HPs)
             Began as a Minotaur Berserker on May 24, 2019.
             Was a High Priest of Trog.
             Slain by an orc warlord
             ... wielding the +0 great sword "Nuc Guso" {drain, MR- Int+4 Stlth+}
              (23 damage)
             ... on level 14 of the Dungeon.
             The game lasted 01:22:56 (15568 turns).

whitewolfNL the Bludgeoner (Minotaur Berserker)    Turns: 15568, Time: 01:22:57

Health: -2/135     AC: 26    Str: 30    XL:     14   Next: 20%
Magic:  16/16      EV: 13    Int:  4    God:    Trog [*****.]
Gold:   629        SH:  0    Dex: 12    Spells: 13/13 levels left

rFire    + + .     SeeInvis .   S - +6 dire flail (protect)
rCold    . . .     Gourm    .   (shield currently unavailable)
rNeg     . . .     Faith    .   W - +2 chain mail of the Carpenter {rF++}
rPois    +         Spirit   .   (helmet restricted)
rElec    .         Reflect  .   y - +2 cloak {rPois}
rCorr    +         Harm     .   p - +0 pair of gloves
MR       +....                  l - +0 pair of boots
Stlth    ..........             E - amulet of the acrobat
HPRegen  0.32/turn              n - ring of poison resistance
MPRegen  0.15/turn              X - ring of resist corrosion

@: mighty, about to teleport, protection aura, berserk cooldown, slowed, heavily
drained, very slow
A: retaliatory headbutt, horns 2
a: Berserk, Trog's Hand, Brothers in Arms, Renounce Religion


You were on level 14 of the Dungeon.
You worshipped Trog.
Trog was extremely pleased with you.
You were not hungry.

You visited 1 branch of the dungeon, and saw 15 of its levels.
You also visited: Ossuary.

You collected 1377 gold pieces.
You spent 748 gold pieces at shops.

Inventory:

Hand Weapons
 b - the +7 hand crossbow of Slow Death {penet, rN+}
   (You found it on level 11 of the Dungeon)

   Ammo fired by it will pass through the targets it hits, potentially hitting
   all targets in its path until it reaches maximum range.
   It protects you from negative energy.
 P - a +5 antimagic great mace
 S - a +6 dire flail of protection (weapon)
Missiles
 d - 504 stones
 e - 117 bolts
 g - 437 arrows
 t - 11 tomahawks (quivered)
 K - 6 poisoned javelins
Armour
 l - a +0 pair of boots (worn)
 p - a +0 pair of gloves (worn)
 y - a +2 cloak of poison resistance (worn)
 I - the +2 leather armour "Doravoto" {+Inv rElec rPois Int-5}
   (You found it on level 11 of the Dungeon)

   It affects your intelligence (-5).
   It insulates you from electricity.
   It protects you from poison.
   It lets you turn invisible.
 Q - a +0 plate armour
 W - the +2 chain mail of the Carpenter (worn) {rF++}
   (You found it on level 11 of the Dungeon)

   It greatly protects you from fire.
 Y - +0 acid dragon scales
Jewellery
 n - a ring of poison resistance (left hand)
 r - an uncursed amulet of regeneration
 E - an amulet of the acrobat (around neck)
 X - a ring of resist corrosion (right hand)
Wands
 o - a wand of digging (7)
 s - a wand of clouds (4)
 H - a wand of acid (28)
 J - a wand of random effects (20)
 L - a wand of polymorph (9)
 N - a wand of flame (26)
 U - a wand of iceblast (4)
 V - a wand of paralysis (9)
Scrolls
 a - 3 scrolls of immolation {unknown}
 f - 3 scrolls of enchant armour
 i - 16 scrolls of identify
 j - 9 scrolls of teleportation
 k - 2 scrolls of enchant weapon {unknown}
 w - 5 scrolls of remove curse
 x - 5 scrolls of magic mapping
 A - 3 scrolls of silence {unknown}
 C - 2 scrolls of blinking {unknown}
 D - 4 scrolls of fog {unknown}
 R - 3 scrolls of fear
 Z - a scroll of vulnerability {unknown}
Potions
 h - 4 potions of flight
 m - 3 potions of haste
 q - 3 potions of ambrosia
 u - 5 potions of brilliance
 v - a potion of cancellation {unknown}
 z - 16 potions of curing
 F - 5 potions of lignification
 G - a potion of berserk rage
 M - 2 potions of mutation
 T - 2 potions of agility
Miscellaneous
 B - a lamp of fire
Comestibles
 c - 25 rations


   Skills:
 * Level 15.2(13.0) Fighting
 * Level 15.3(13.1) Maces & Flails
 + Level 9.4(7.5) Throwing
 + Level 11.3(9.3) Armour
 + Level 10.5(8.5) Dodging
   Level 4.1(2.4) Shields
 - Level 4.0(2.3) Evocations


You had 13 spell levels left.
You didn't know any spells.
Your spell library was empty.

Dungeon Overview and Level Annotations

Branches:
Dungeon (15/15)            Temple (0/1) D:4            Lair (0/6) D:10
    Orc (0/2) D:10         Vaults (0/5) D:13         Depths (0/5) D:15

Altars:
Elyvilon
Fedhas
Makhleb
Nemelex Xobeh
Qazlal
Trog
Xom
Yredelemnul
Zin
The Shining One

Shops:
D:4 *   D:8 !?:   D:12 **!*   D:13 (

Annotations:
D:14 1 transporter, goulibeur's ghost, journeyman DrBe


Innate Abilities, Weirdness & Mutations

You reflexively headbutt those who attack you in melee.
You have a pair of horns on your head.


Message History

The orc warlord misses you.
The two-headed ogre completely misses you. x2
The orc warlord completely misses you. You furiously retaliate!
You headbutt the orc warlord. You impale the orc warlord!!
Your weapon exudes an aura of protection.
The orc warlord is heavily wounded.
The orc warlord no longer looks unusually strong.
The orc knight hits you from afar with the +7 glaive "Qaixzaoh" {drain, +Rage rN+ MR- Dex+4}!
* * * LOW HITPOINT WARNING * * *
You feel drained.
* * * LOW HITPOINT WARNING * * *
Goulibeur's ghost crushes a nearby insect and laughs.
The orc warlord misses you. You furiously retaliate!
You headbutt the orc warlord.
As you read the scroll of teleportation, it crumbles to dust.
You feel strangely unstable.
The orc knight no longer looks unusually strong.
The orc warlord hits you with the +0 great sword "Nuc Guso" {drain, MR- Int+4 Stlth+}!!
You die...

#..##..###.©.###.....###.
#.###.##.....####....##.. #####
#.##..#....####.#........
#...###....##(...#≈#..##...#..#
##..<.#....#..(C..$....#..##.##
####.......©#©O#.._:....#©....#.
#....^......#Oo#≈.!:##.y#...##..
#...........##o###.#≈#.##...#..#
#....###.....##@#..#####......##
#..#.###.....##......###.#....##
#.##.....###..###...###..#.##.#.
#.####...####...#####.......#...
#..###.......##........###..###.
##.............####..#........#.
#####.#.####.....)..##.#.....#.
#........#....#####....###.....
#........#.#................>..


You could see an orc warlord (berserk), an orc knight and 2 two-headed ogres.

Vanquished Creatures
  Rupert (D:15)
  An ironheart preserver (D:13)
  A deep elf annihilator (D:11)
  A fire dragon (D:15)
  A hydra (shapeshifter) (D:15)
  An ice dragon (D:15)
  2 hydras
  A centaur warrior (D:11)
  2 catoblepae
  8 two-headed ogres
  An ogre mage (D:11)
  7 tengu warriors
  A deep troll (D:14)
  2 unseen horrors
  An orc knight (D:11)
  6 ugly things
  4 cyclopes
  A moth of wrath (D:14)
  A manticore (D:15)
  5 centaur zombies
  A gargoyle (D:14)
  2 rime drakes (D:12)
  A komodo dragon (D:13)
  2 kobold demonologists (D:15)
  A yaktaur (D:11)
  2 tengu conjurers
  3 meliai (D:14)
  5 trolls
  A hornet (D:9)
  A blink frog (shapeshifter) (D:15)
  Prince Ribbit (D:9)
  9 slime creatures
  3 shadows
  5 hippogriffs
  A vampire (D:15)
  2 wyverns
  2 wraiths (D:11)
  2 hungry ghosts (D:11)
  5 yaks
  16 vampire mosquitoes
  3 acid dragons
  2 soldier ants
  3 porcupines (D:10)
  3 water moccasins
  3 orc warriors (D:11)
  4 ice beasts
  7 ogres
  4 phantoms
  An eye of draining (shapeshifter) (D:11)
  3 necrophages
  8 black bears
  7 sky beasts
  3 eyes of draining
  7 boggarts (D:15)
  11 centaurs
  8 bullfrogs
  2 big kobolds
  A wyvern zombie (D:8)
  4 water moccasin zombies (Ossuary)
  6 scorpions
  9 killer bees
  15 wights
  2 electric eels (D:6)
  2 howler monkeys
  3 bullfrog zombies
  12 crimson imps
  A quasit (D:11)
  4 hounds
  6 orc priests
  4 centaur skeletons
  A gnoll shaman (D:9)
  4 jellies
  Crazy Yiuf (D:3)
  A bullfrog skeleton (D:10)
  6 iguanas
  13 orc wizards
  16 worker ants
  A big kobold zombie (Ossuary)
  A hound zombie (D:5)
  A hound skeleton (D:10)
  3 mummies
  3 worker ant zombies
  Robin (D:3)
  10 adders
  4 gnolls (D:9)
  5 shadow imps
  8 adder zombies
  4 adder skeletons
  2 worms (D:3)
  4 dart slugs
  11 leopard geckos
  44 orcs
  6 bats
  A giant cockroach (D:3)
  12 goblins
  4 hobgoblins
  8 jackals
  25 kobolds
  2 quokkas
  A ball python (D:3)
  9 frilled lizards
  2 gnoll zombies (Ossuary)
  6 hobgoblin zombies (Ossuary)
  5 kobold zombies (Ossuary)
  5 orc zombies (Ossuary)
  7 rats
498 creatures vanquished.

Vanquished Creatures (others)
  A black bear (D:9)
  5 fungi (D:10)
  2 plants (D:10)
8 creatures vanquished.

Grand Total: 506 creatures vanquished

Notes
Turn   | Place    | Note
-------+----------+-------------------------------------------
     0 | D:1      | whitewolfNL the Minotaur Berserker began the quest for the
                  | Orb.
     0 | D:1      | Reached XP level 1. HP: 19/19 MP: 0/0
    97 | D:1      | Reached XP level 2. HP: 18/27 MP: 1/1
   403 | D:1      | Reached ** piety under Trog
   488 | D:1      | Reached XP level 3. HP: 29/33 MP: 2/2
  1405 | D:2      | Reached skill level 1 in Throwing
  1579 | D:3      | Reached XP level 4. HP: 41/41 MP: 3/3
  1666 | D:3      | Reached *** piety under Trog
  1666 | D:3      | Reached XP level 5. HP: 47/47 MP: 4/4
  1793 | D:3      | Noticed Robin
  1805 | D:3      | Killed Robin
  1813 | D:3      | Reached skill level 5 in Fighting
  1813 | D:3      | Reached skill level 5 in Maces & Flails
  1999 | D:3      | Found a runed translucent door.
  2000 | D:3      | Noticed Crazy Yiuf
  2005 | D:3      | Killed Crazy Yiuf
  2005 | D:3      | Reached skill level 1 in Evocations
  2366 | D:4      | Reached XP level 6. HP: 56/56 MP: 5/5
  2403 | D:4      | Found a blossoming altar of Fedhas.
  2515 | D:4      | Got an ancient leather armour
  2688 | D:4      | Found a staircase to the Ecumenical Temple.
  2785 | D:4      | Found Zeufuj's Assorted Antiques.
  2793 | D:4      | Bought a scroll labeled BOYN PUQEJI for 21 gold pieces
  2793 | D:4      | Bought a scroll labeled SOTYZU CEEGIL for 21 gold pieces
  2793 | D:4      | Bought an inky potion for 18 gold pieces
  2793 | D:4      | Bought a murky puce potion for 18 gold pieces
  2793 | D:4      | Bought an inky potion for 18 gold pieces
  2920 | D:4      | Identified the +1 leather armour of the Iron City of Dis
                  | {Slay+3} (You found it on level 4 of the Dungeon)
  2921 | D:5      | Entered Level 5 of the Dungeon
  2927 | D:5      | Found a stormy altar of Qazlal.
  2929 | D:5      | Noticed a fire elemental
  2930 | D:5      | Noticed a water elemental
  2930 | D:5      | Noticed an air elemental
  3012 | D:5      | Reached XP level 7. HP: 62/62 MP: 7/7
  3017 | D:5      | Reached **** piety under Trog
  3220 | D:5      | Found a burning altar of Makhleb.
  3235 | D:5      | Found a shimmering altar of Xom.
  3558 | D:5      | Found a white marble altar of Elyvilon.
  3558 | D:5      | Found a glowing golden altar of the Shining One.
  3559 | D:5      | Found a glowing silver altar of Zin.
  4016 | D:6      | Reached XP level 8. HP: 71/71 MP: 8/8
  4291 | D:6      | Reached skill level 5 in Armour
  4295 | D:6      | Found a sand-covered staircase.
  4303 | Ossuary  | Entered an ossuary
  4368 | Ossuary  | Reached ***** piety under Trog
  4794 | D:6      | Reached XP level 9. HP: 81/81 MP: 10/10
  5289 | D:7      | Reached skill level 5 in Dodging
  5854 | D:7      | Received a gift from Trog
  6097 | D:8      | Found a bloodstained altar of Trog.
  6158 | D:8      | Found Amimnex's Distillery.
  6168 | D:8      | Bought a potion of heal wounds for 60 gold pieces
  6168 | D:8      | Bought a potion of mutation for 96 gold pieces
  6168 | D:8      | Bought a potion of might for 48 gold pieces
  6168 | D:8      | Bought 2 potions of curing for 72 gold pieces
  6284 | D:8      | Found Motyu's Magic Scroll Boutique.
  6327 | D:8      | Found Jifeneiff's Book Shop.
  6394 | D:8      | Bought a scroll of identify for 28 gold pieces
  6394 | D:8      | Bought a scroll of fear for 49 gold pieces
  6394 | D:8      | Bought a scroll of identify for 28 gold pieces
  6394 | D:8      | Bought a scroll of teleportation for 42 gold pieces
  6394 | D:8      | Bought a scroll of identify for 28 gold pieces
  6499 | D:8      | Found a basalt altar of Yredelemnul.
  6577 | D:8      | Reached skill level 5 in Throwing
  6677 | D:9      | Reached XP level 10. HP: 91/91 MP: 4/12
  6828 | D:9      | Noticed Prince Ribbit
  6839 | D:9      | Killed Prince Ribbit
  6842 | D:9      | Reached skill level 10 in Maces & Flails
  6891 | D:9      | Reached skill level 10 in Fighting
  7271 | D:9      | Found a sparkling altar of Nemelex Xobeh.
  7607 | D:10     | Entered Level 10 of the Dungeon
  7716 | D:10     | Found a staircase to the Lair.
  7874 | D:10     | Found a staircase to the Orcish Mines.
  8129 | D:10     | Reached XP level 11. HP: 93/101 MP: 4/13
  8396 | D:11     | Noticed a purple ugly thing
  8406 | D:11     | Killed a purple ugly thing
  8412 | D:11     | Noticed a two-headed ogre
  8417 | D:11     | Received a gift from Trog
  8423 | D:11     | Killed a two-headed ogre
  8502 | D:11     | Noticed a two-headed ogre
  8504 | D:11     | Noticed a cyan ugly thing
  8510 | D:11     | Killed a two-headed ogre
  8515 | D:11     | Killed a cyan ugly thing
  8808 | D:11     | Paralysed by fainting for 5 turns
  8969 | D:11     | Noticed a centaur warrior
  8970 | D:11     | Noticed a cyan ugly thing
  8971 | D:11     | Noticed an orc knight
  8987 | D:11     | Killed a centaur warrior
  8992 | D:11     | Killed an orc knight
  9000 | D:11     | Noticed a two-headed ogre
  9179 | D:11     | Killed a brown ugly thing
  9360 | D:11     | Got a polished leather armour
  9372 | D:11     | Got a scorched chain mail
  9399 | D:11     | Identified the +2 chain mail of the Carpenter {rF++} (You
                  | found it on level 11 of the Dungeon)
  9409 | D:11     | Identified the +2 leather armour "Doravoto" {+Inv rElec
                  | rPois Int-5} (You found it on level 11 of the Dungeon)
  9409 | D:11     | Lost intelligence.
  9473 | D:11     | Reached XP level 12. HP: 111/113 MP: 4/14
  9783 | D:11     | Noticed a catoblepas
  9783 | D:11     | Noticed an ogre mage
  9788 | D:11     | Noticed a deep elf annihilator
  9792 | D:11     | Killed a catoblepas
  9800 | D:11     | Killed a deep elf annihilator
  9819 | D:11     | Killed an ogre mage
 10046 | D:11     | Killed a two-headed ogre
 10296 | D:11     | Paralysed by fainting for 9 turns
 10334 | D:11     | Got a crystal hand crossbow
 10335 | D:11     | Identified the +7 hand crossbow of Slow Death {penet, rN+}
                  | (You found it on level 11 of the Dungeon)
 10458 | D:12     | Noticed a seven-headed hydra
 10459 | D:12     | Found Gyaruad's Assorted Antiques.
 10461 | D:12     | Received a gift from Trog
 10469 | D:12     | Killed a seven-headed hydra
 10556 | D:12     | Noticed a two-headed ogre
 10564 | D:12     | Killed a two-headed ogre
 11134 | D:12     | Reached skill level 10 in Armour
 11163 | D:12     | Found Lidady's Distillery.
 11177 | D:12     | Bought a potion of magic for 96 gold pieces
 11177 | D:12     | Bought a potion of berserk rage for 60 gold pieces
 11274 | D:12     | Found Kikul's General Store.
 11277 | D:12     | Bought a potion of lignification for 45 gold pieces
 11362 | D:12     | Found Sacerr's General Store.
 11401 | D:13     | Noticed a two-headed ogre
 11410 | D:13     | Killed a two-headed ogre
 11453 | D:13     | Found Derrae's Weapon Emporium.
 11662 | D:13     | Reached XP level 13. HP: 123/123 MP: 15/15
 11916 | D:13     | HP: 4/123 [catoblepas (21)]
 12420 | D:13     | Reached skill level 1 in Shields
 12442 | D:13     | Found a gate to the Vaults.
 12442 | D:13     | Noticed an ironheart preserver
 12456 | D:13     | Killed an ironheart preserver
 13022 | D:15     | Entered Level 15 of the Dungeon
 13026 | D:15     | Received a gift from Trog
 13470 | D:15     | Noticed a fire dragon
 13478 | D:15     | Killed a fire dragon
 13488 | D:15     | Found a staircase to the Depths.
 13568 | D:15     | Received a gift from Trog
 13877 | D:15     | Reached skill level 10 in Dodging
 14651 | D:15     | Noticed Rupert
 14666 | D:15     | Paralysed by Rupert for 4 turns
 14676 | D:15     | Killed Rupert
 14676 | D:15     | Reached skill level 15 in Maces & Flails
 14684 | D:15     | Reached skill level 15 in Fighting
 14684 | D:15     | Reached XP level 14. HP: 93/135 MP: 16/16
 15143 | D:14     | Found a transporter.
 15143 | D:14     | Identified the +7 glaive "Qaixzaoh" {drain, +Rage rN+ MR-
                  | Dex+4}
 15153 | D:14     | Noticed goulibeur's ghost (journeyman DrBe)
 15155 | D:14     | Identified the +0 great sword "Nuc Guso" {drain, MR- Int+4
                  | Stlth+}
 15155 | D:14     | Noticed an orc warlord
 15298 | D:14     | Found a transporter.
 15302 | D:14     | Found a bloodstained altar of Trog.
 15562 | D:14     | Received a gift from Trog
 15568 | D:14     | Slain by an orc warlord

Skill      XL: |  1  2  3  4  5  6  7  8  9 10 11 12 13 |
---------------+----------------------------------------+-----
Fighting       | 4 5 6 8 9 11 12 13 15 | 15.2
Maces & Flails | 4 5 6 8 9 11 12 13 15 | 15.3
Throwing       | 1 2 3 4 5 6 7 8 9 |  9.4
Armour         | 3 4 5 6 7 9 10 11 | 11.3
Dodging        | 3 4 5 6 8 9 10 | 10.5
Evocations     | 1 2 3 4 |  4.0
Shields        | 4 |  4.1

Action                   |  1- 3 |  4- 6 |  7- 9 | 10-12 | 13-15 || total
-------------------------+-------+-------+-------+-------+-------++-------
Melee: Mace              |    78 |     3 |       |       |       ||    81
       Headbutt          |    10 |    17 |    46 |    94 |    79 ||   246
       Flail             |       |    95 |    29 |       |       ||   124
       Morningstar       |       |       |   155 |       |       ||   155
       Great mace        |       |       |    70 |   382 |    94 ||   546
       Dire flail        |       |       |       |    96 |   164 ||   260
       Unarmed           |       |       |       |       |    50 ||    50
Throw: Tomahawk          |       |       |    17 |    18 |    15 ||    50
       Javelin           |       |       |       |       |    19 ||    19
       Stone             |       |       |       |       |     3 ||     3
Invok: Berserk           |     1 |     4 |     5 |    15 |    15 ||    40
Evoke: Wand              |       |       |       |    13 |    16 ||    29
       Lamp of fire      |       |       |       |     1 |       ||     1
  Use: Scroll            |       |       |     3 |    10 |     2 ||    15
       Potion            |       |       |       |     4 |     3 ||     7
 Stab: Confused          |       |       |       |       |     1 ||     1
  Eat: Chunk             |     1 |    10 |    16 |    28 |    13 ||    68
       Ration            |       |       |       |     2 |     4 ||     6
Armor: Animal skin       |     2 |       |       |       |       ||     2
       Chain mail        |    35 |    37 |       |   122 |   313 ||   507
       Scale mail        |     7 |       |       |       |       ||     7
       Leather armour    |       |     4 |   106 |       |       ||   110
       Plate armour      |       |       |    10 |   308 |       ||   318
Dodge: Dodged            |    57 |    43 |   210 |   383 |   348 ||  1041
